 Dungeon Crawl Stone Soup version 0.30-a0-141-g30f27751c5 (webtiles) character file.

Game seed: 9324079759913432118

4124 Belterius the Cleaver (level 10, -6/90 HPs)
             Began as a Minotaur Fighter on Sept 25, 2022.
             Was an Elder of Okawaru.
             Mangled by a seven-headed hydra (11 damage)
             ... on level 9 of the Dungeon.
             The game lasted 00:15:52 (10399 turns).

Belterius the Cleaver (Minotaur Fighter)           Turns: 10399, Time: 00:15:53

Health: -6/90      AC:  9    Str: 25    XL:     10   Next: 6%
Magic:  12/12      EV: 12    Int:  5    God:    Okawaru [****..]
Gold:   397        SH: 10    Dex: 10    Spells: 9/9 levels left

rFire   . . .      SeeInvis .    a - +0 war axe
rCold   . . .      Faith    .    J - +0 kite shield
rNeg    . . .      Spirit   .    b - +0 scale mail
rPois   .          Reflect  .    (helmet restricted)
rElec   .          Harm     .    B - scarf {repulsion}
rCorr   .          Rampage  .    H - +0 pair of gloves
Will    .....                    (no boots)
Stlth   ..........               (no amulet)
HPRegen 0.25/turn                G - +4 ring of evasion
MPRegen 0.13/turn                (no ring)

@: repel missiles
A: horns 2, retaliatory headbutt
a: Renounce Religion, Heroism, Finesse


You were on level 9 of the Dungeon.
You worshipped Okawaru.
Okawaru was greatly pleased with you.
You visited 2 branches of the dungeon, and saw 10 of its levels.
You also visited: Sewer.

You collected 397 gold pieces.

Inventory:

Hand Weapons
 a - a +0 war axe (weapon)
Armour
 b - a +0 scale mail (worn)
 B - a scarf of repulsion (worn)
 H - a +0 pair of gloves (worn)
 J - a +0 kite shield (worn)
Jewellery
 r - an amulet of faith
 F - an amulet of magic regeneration
 G - a +4 ring of evasion (left hand)
 K - a +6 ring of intelligence
Wands
 u - a wand of flame (17)
 v - a wand of paralysis (4)
 z - a wand of iceblast (3)
Scrolls
 e - 6 scrolls of identify {unknown}
 g - 6 scrolls of teleportation {unknown}
 k - 3 scrolls of fog {unknown}
 l - a scroll of immolation {unknown}
 q - a scroll of amnesia {unknown}
 s - 3 scrolls of blinking {unknown}
 t - 2 scrolls of fear {unknown}
 w - a scroll of brand weapon {unknown}
 y - a scroll of vulnerability {unknown}
 A - a scroll of poison {unknown}
 D - a scroll of silence {unknown}
 E - 2 scrolls of enchant armour {unknown}
 I - a scroll of summoning {unknown}
Potions
 c - a potion of cancellation {unknown}
 d - a potion of might
 f - 2 potions of berserk rage {unknown}
 h - 5 potions of brilliance {unknown}
 i - a potion of lignification {unknown}
 j - 3 potions of heal wounds {unknown}
 m - 2 potions of flight {unknown}
 n - a potion of resistance {unknown}
 o - 2 potions of haste
 p - 3 potions of mutation {unknown}
 x - 2 potions of invisibility {unknown}
 C - a potion of attraction {unknown}


   Skills:
 + Level 8.4 Fighting
 * Level 10.0 Axes
 + Level 8.7 Armour
 + Level 8.4 Shields
 + Level 4.6 Invocations


You had 9 spell levels left.
You didn't know any spells.
Your spell library contained the following spells:

 Spells                   Type           Power      Damage    Failure   Level
 Static Discharge         Conj/Air       0%         2-2/arc   99%         2
 Cause Fear               Hex            0%         N/A       100%        4
 Dispel Undead            Necr           0%         3d6       100%        4
 Olgreb's Toxic Radiance  Pois           0%         N/A       100%        4
 Petrify                  Tmut/Erth      0%         N/A       100%        4
 Sticky Flame             Conj/Fire      0%         2d3       100%        4
 Borgnjor's Vile Clutch   Necr/Erth      0%         N/A       100%        5
 Dragon Form              Tmut           0%         N/A       100%        7
 Ozocubu's Refrigeration  Ice            0%         4d7       100%        7
 Ignition                 Fire           0%         3d3       100%        8
 Malign Gateway           Summ/Tloc      Unusable   N/A       N/A         7
 Dragon's Call            Summ           Unusable   N/A       N/A         9

Dungeon Overview and Level Annotations

Branches:
Dungeon (9/15)             Temple (1/1) D:4           Sewer (visited)
   Lair: D:8-11         Orc: D:9-12

Altars:
Ashenzari
Cheibriados
Dithmenos
Fedhas
Gozag
Hepliaklqana
Kikubaaqudgha
Makhleb
Nemelex Xobeh
Okawaru
Qazlal
Ru
Sif Muna
Trog
Uskayaw
Vehumet
Wu Jian
Xom
Yredelemnul
Zin
The Shining One

Shops:
D:2 *=:[[   D:4 [   D:5 *


Innate Abilities, Weirdness & Mutations

You have a pair of horns on your head.
You reflexively headbutt those who attack you in melee.


Message History

The centaur barely misses you.
Unknown command.
You hit the centaur. Your headbutt misses the centaur.
The centaur is heavily wounded.
You slash the wraith! The centaur hits you. The centaur kicks you.
The wraith hits you. The wraith drains your vigour!
You feel yourself slow down.
The centaur hits you but does no damage.
You block the centaur's attack. The wraith attacks as you move away!
The wraith hits you but does no damage.
The centaur wields a +0 shortbow.
The centaur shoots an arrow.
You block the arrow.
A slime creature comes into view.
The wraith hits you but does no damage. You block the wraith's attack.
The wraith misses you. The wraith hits you but does no damage.
The seven-headed hydra attacks as you move away!
The seven-headed hydra bites you! The seven-headed hydra bites you.
The seven-headed hydra bites you! The seven-headed hydra misses you.
The seven-headed hydra barely misses you.
The seven-headed hydra bites you but does no damage.
The seven-headed hydra bites you.
* * * LOW HITPOINT WARNING * * *
You feel yourself speed up. You block the wraith's attack.
The seven-headed hydra bites you but does no damage.
The seven-headed hydra bites you!
* * * LOW HITPOINT WARNING * * *
The seven-headed hydra bites you but does no damage.
The seven-headed hydra bites you!
* * * LOW HITPOINT WARNING * * *
You block the seven-headed hydra's attack.
The seven-headed hydra bites you but does no damage.
The seven-headed hydra bites you.
* * * LOW HITPOINT WARNING * * *
The centaur shoots an arrow.
The arrow barely misses you.
The seven-headed hydra attacks as you move away!
The seven-headed hydra bites you!
You die...

.........................
####.....................
#.....................
#.......).............
#...<..[..............
#..............[......
####.........###รท###.....
............##..#).## ...
...........##..#@#..## .
..........##..#.WD#..##
...(......#..#..#..#..#
..........#.#..#.#cH#.#
..........##..#...#J.##
.....o....#.#..#.#..#.#.........
..........#..#..#..#..#........
....########..#...#..##.......#
...## ##..#.#).##........+


You could see a seven-headed hydra, a slime creature, a manticore, a wraith and
a centaur (strong).

Vanquished Creatures
  A manticore (D:8)
  A cyclops (D:9)
  A hornet (D:9)
  A shadow (D:9)
  A wraith (D:9)
  A wyvern (D:8)
  A yak (D:9)
  A steam dragon (D:9)
  An orc warrior (D:7)
  2 ice beasts
  2 ogres (D:6)
  A centaur (D:9)
  2 phantoms
  3 kobold brigands
  3 bullfrogs
  2 necrophages
  A gnoll sergeant (D:6)
  A scorpion (D:6)
  4 wights (D:7)
  A howler monkey (D:4)
  4 hounds
  2 jellies
  3 orc priests
  3 iguanas
  3 orc wizards
  13 adders
  11 gnolls
  5 river rats (Sewer)
  3 shadow imps
  4 white imps
  2 ufetubi (D:7)
  4 worms
  14 orcs
  11 endoplasms
  5 giant cockroaches
  8 goblins
  7 hobgoblins
  8 jackals
  4 quokkas
  8 ball pythons
  4 bats
  A frilled lizard (D:3)
  29 kobolds
  29 rats
216 creatures vanquished.

Vanquished Creatures (others)
  3 withered plants (D:6)
3 creatures vanquished.

Grand Total: 219 creatures vanquished

Notes
Turn   | Place    | Note
-------+----------+-------------------------------------------
     0 | D:1      | Belterius the Minotaur Fighter began the quest for the Orb.
     0 | D:1      | Reached XP level 1. HP: 19/19 MP: 0/0
    75 | D:1      | Found a faded altar of an unknown god.
   159 | D:1      | Reached XP level 2. HP: 18/27 MP: 1/1
   841 | D:2      | Found Bavyhi's Antique Armour Shop.
   871 | D:2      | Reached skill level 3 in Axes
   871 | D:2      | Reached XP level 3. HP: 29/33 MP: 2/2
   922 | D:2      | Found Maicaute's Jewellery Shoppe.
   923 | D:2      | Found Owkaum's General Store.
   960 | D:2      | Found Sugauc's Book Boutique.
  1095 | D:2      | Found Enegg's Armour Emporium.
  1227 | D:2      | Reached XP level 4. HP: 41/41 MP: 3/3
  2033 | D:3      | Reached XP level 5. HP: 38/47 MP: 4/4
  2225 | D:3      | Found a glowing drain.
  2229 | Sewer    | Entered a sewer
  2633 | Sewer    | Reached skill level 4 in Axes
  2799 | Sewer    | Reached skill level 5 in Armour
  2949 | Sewer    | Reached skill level 5 in Fighting
  3027 | Sewer    | Reached skill level 5 in Shields
  3047 | Sewer    | Reached XP level 6. HP: 37/56 MP: 5/5
  4425 | D:4      | Found a staircase to the Ecumenical Temple.
  4450 | D:4      | Found Ezule's Armour Emporium.
  4466 | Temple   | Entered the Ecumenical Temple
  4500 | Temple   | Became a worshipper of Warmaster Okawaru
  4669 | D:4      | Found a shimmering blue altar of Sif Muna.
  4673 | D:4      | Found a glowing golden altar of the Shining One.
  4681 | D:4      | Reached skill level 5 in Axes
  4681 | D:4      | Reached XP level 7. HP: 41/62 MP: 6/6
  4689 | D:4      | Found a hide-covered altar of Uskayaw.
  5560 | D:4      | Found a hazy altar of Hepliaklqana.
  5560 | D:4      | Found an ornate altar of the Wu Jian Council.
  5561 | D:4      | Found a basalt altar of Yredelemnul.
  5570 | D:4      | Found a shadowy altar of Dithmenos.
  5571 | D:4      | Found a shimmering altar of Xom.
  5573 | D:4      | Found an opulent altar of Gozag.
  5574 | D:4      | Found a broken altar of Ashenzari.
  5637 | D:5      | Entered Level 5 of the Dungeon
  5753 | D:5      | Found Nanahuxzov's Gadget Gallery.
  5917 | D:5      | Reached * piety under Okawaru
  6302 | D:6      | Reached skill level 6 in Axes
  6309 | D:6      | Reached XP level 8. HP: 61/71 MP: 7/7
  6310 | D:6      | Reached skill level 1 in Invocations
  6530 | D:6      | Reached ** piety under Okawaru
  6922 | D:6      | Reached skill level 7 in Axes
  7167 | D:6      | Found an ancient bone altar of Kikubaaqudgha.
  8044 | D:7      | Reached skill level 8 in Axes
  8044 | D:7      | Reached XP level 9. HP: 32/79 MP: 10/10
  8413 | D:7      | Found a burning altar of Makhleb.
  8581 | D:8      | Identified the +4 ring mail of Uduidghyo {Dex+2}
  8853 | D:8      | Reached *** piety under Okawaru
  9061 | D:8      | Got the Quarto of Companions and Metal
  9231 | D:8      | Noticed a manticore
  9243 | D:8      | Killed a manticore
  9597 | D:9      | Reached skill level 9 in Axes
  9879 | D:9      | Noticed a two-headed ogre
 10035 | D:9      | Reached **** piety under Okawaru
 10072 | D:9      | Noticed a cyclops
 10290 | D:9      | Killed a cyclops
 10291 | D:9      | Reached XP level 10. HP: 90/90 MP: 4/12
 10385 | D:9      | Reached skill level 10 in Axes
 10385 | D:9      | Noticed a seven-headed hydra
 10388 | D:9      | Noticed a manticore
 10399 | D:9      | Mangled by a seven-headed hydra

Illustrated notes

Levels and vault maps discovered:
D:1:      mrwooster_arrival_statue_3, layout_loops_ring,
          ebering_ecumenical_altar_rust
D:2:      layout_basic, serial_shops, shop_fountains,
          nicolae_shop_window_shopping,
          nicolae_shop_temple_entry_statues_fountains,
          nicolae_shop_competitors_out_of_business, nicolae_diamond_shop
D:3:      layout_basic, gup_sewer_entry_spiral, minmay_misc_feat_tiny,
          chequers_serial_rivers_large_b, nicolae_hexahallways
D:4:      layout_loops_cross, nicolae_overflow_hallway_of_the_gods,
          minmay_temple_entry_glassed_door, serial_shops, nicolae_shop_stone,
          nicolae_concentric_dashed_squares_wild, cheibrodos_gnoll_hut
D:5:      layout_basic, nicolae_shop_gadgets
D:6:      layout_gridville, kiku_gazebo_garden_becter
D:7:      layout_rooms, lightli_temple_of_fire
D:8:      layout_basic, chequers_avenue
D:9:      minmay_the_grid_octo_triangle [minmay_the_grid_octo_77,
          minmay_the_grid_octo_prize_star, minmay_the_grid_octo_thin_diamonds],
          layout_irregular_city
Temple:   chequers_temple_sunken

Skill      XL: |  1  2  3  4  5  6  7  8  9 10 |
---------------+-------------------------------+-----
Armour         | 4 5 6 7 8 |  8.7
Fighting       | 4 5 6 7 8 |  8.4
Shields        | 4 5 6 7 8 |  8.4
Axes           | 3 4 5 6 8 9 10 | 10.0
Invocations    | 2 4 |  4.6

Action                   |  1- 3 |  4- 6 |  7- 9 | 10-12 || total
-------------------------+-------+-------+-------+-------++-------
Melee: War axe           |    53 |   198 |   259 |    11 ||   521
       Headbutt          |     7 |    30 |    49 |     1 ||    87
Invok: Heroism           |       |       |     2 |       ||     2
       Finesse           |       |       |     1 |       ||     1
Evoke: Wand              |       |       |     2 |       ||     2
 Stab: Paralysed         |       |       |     4 |       ||     4
Armor: Scale mail        |    23 |    81 |    76 |    10 ||   190
Dodge: Dodged            |    28 |    78 |   108 |    11 ||   225
       Repelled          |       |       |     4 |       ||     4
Block: Buckler           |    12 |    48 |    56 |       ||   116
       Kite shield       |       |       |    11 |    11 ||    22

Table legend: (Time is in decaauts)
 A = Elapsed time spent in this place.
 B = Non-inter-level travel time spent in this place.
 C = Inter-level travel time spent in this place.
 D = Time resting spent in this place.
 E = Time spent auto-exploring this place.
 F = Levels seen in this place.
 G = Mean time per level.
                   A        B        C        D        E       F      G
               +--------+--------+--------+--------+--------+-----+--------+
         Total |  10641 |  10267 |    374 |   1976 |   6712 |  11 |  967.4 |
       Dungeon |   9311 |   8965 |    346 |   1637 |   5917 |   9 | 1034.6 |
        Temple |     66 |     38 |     28 |      0 |     28 |   1 |   66.0 |
         Sewer |   1263 |   1263 |      0 |    339 |    767 |   1 | 1263.0 |
               +--------+--------+--------+--------+--------+-----+--------+

Top non-repeatable levels by time:
     D:4: 1457 daAuts
     D:3: 1420 daAuts
   Sewer: 1263 daAuts
     D:8: 1245 daAuts
     D:7: 1198 daAuts
     D:6: 989 daAuts
     D:1: 835 daAuts
     D:2: 794 daAuts
     D:9: 708 daAuts
     D:5: 663 daAuts
  Temple: 66 daAuts
